 Dungeon Crawl Stone Soup version 0.16.0-18-g484a79e (webtiles) character file.

1468 McCoppin the Basher (level 8, 0/36 HPs)
             Began as a Vine Stalker Chaos Knight on Mar 22, 2015.
             Slain by an ogre
             ... wielding a +0 giant club
              (20 damage)
             ... on level 6 of the Dungeon.
             The game lasted 00:16:44 (4614 turns).

McCoppin the Basher (Vine Stalker Chaos Knight)     Turns: 4614, Time: 00:16:44

Health: 0/36       AC: 12    Str: 15    XL:     8   Next: 77%
Magic:  0/11       EV:  6    Int: 10    God:    Xom [...*..]
Gold:   114        SH:  0    Dex: 14    Spells: 0 memorised, 7 levels left

rFire  . . .     SeeInvis .     x - +4 morningstar (pain)
rCold  . . .     Clarity  .     k - +0 chain mail
rNeg   . . .     SustAb   .     (no shield)
rPois  .         Gourm    .     (no helmet)
rElec  .         Spirit   +     y - +0 cloak (curse)
rCorr  .         Warding  .     j - +1 pair of gloves
rMut   .         Stasis   .     w - +0 pair of boots
MR     +....                    (no amulet)
Stlth  ..........               (no ring)
                                (no ring)

@: somewhat resistant to hostile enchantments, extremely unstealthy
A: fangs 3, blurry vision 1, clumsy 1, dopey 1, frail 1, regeneration 2, magic
shield, antimagic bite, no device heal 3, rot immunity, MP-powered wands 1
a: Renounce Religion


You were on level 6 of the Dungeon.
You worshipped Xom.
You were a favourite toy of Xom.
You were not hungry.

You visited 1 branch of the dungeon, and saw 6 of its levels.

You collected 238 gold pieces.
You spent 124 gold pieces at shops.

Inventory:

Hand weapons
 a - a +0 mace of chaos
 f - a +0 blowgun
 t - a +0 morningstar
 x - a +4 morningstar of pain (weapon)
Missiles
 p - 53 poisoned needles
 r - 2 throwing nets (quivered)
Armour
 b - a cursed +2 leather armour
 j - a +1 pair of gloves (worn)
 k - a +0 chain mail (worn)
 w - a +0 pair of boots (worn)
 y - a cursed +0 cloak (worn)
Jewellery
 m - an uncursed ring of ice
Scrolls
 g - a scroll of identify
 i - a scroll of teleportation
 l - a scroll of remove curse
 q - 2 scrolls of immolation
 s - 2 scrolls of blinking
 u - a scroll of acquirement {unknown}
 v - a scroll of enchant weapon
Potions
 e - a potion of heal wounds
 z - a potion of experience {unknown}
Comestibles
 c - 2 bread rations
 d - 3 meat rations
 h - 3 chunks of flesh
 n - a royal jelly
 o - a slice of pizza


   Skills:
 - Level 3.4 Fighting
 + Level 9.5 Maces & Flails
 - Level 1.5 Armour
 - Level 0.7 Dodging
 - Level 3.1 Stealth


You had 7 spell levels left.
You didn't know any spells.

Dungeon Overview and Level Annotations

Branches:
Dungeon (6/15)
 Temple: D:4-7

Altars:
Cheibriados
Gozag
Ru
Vehumet
Xom

Shops:
D:4 (


Innate Abilities, Weirdness & Mutations

You have razor-sharp teeth.
You heal very quickly.
When hurt, damage is shared between your health and your magic reserves.
Your bite disrupts and absorbs the magic of your enemies.
Potions and wands cannot restore your health.
You are immune to rotting.
Scrolls take you a little longer to read.
You are clumsy. (Dex -2)
You are dopey. (Int -2)
You are frail (-10% HP).
You expend magic power (3 MP) to slightly strengthen your wands.


Message History

You open the door.
There is an open door here.
You open the door.
An adder comes into view.
An ogre comes into view. It is wielding a giant club.
The adder bites you. The adder bites you but does no damage.
There is an open door here.
You sock the adder!
You kill the adder!
You see here an adder corpse.
The ogre hits you with a giant club!!
Found a beef jerky.
You are too injured to fight recklessly!
You are too injured to fight recklessly!
You are too injured to fight recklessly!
You puncture the ogre!
The ogre is severely wounded.
The ogre hits you with a giant club!!
Ouch! That really hurt!
You die...

% #+### ..##...#
....#...# .......+
#.....##+############
##....................
#....O................
#.@..........÷.....
#..................
#.†................
##'###+####'###+##.
#............+...#.
#............#...#.
#'###..##...##...'.
#..###+##...##...#.
#..#...#....##..##.


You could see an ogre.

Vanquished Creatures
  Menkaure (D:4)
  An ice beast (D:6)
  A centaur (D:5)
  Sigmund (D:5)
  Blork the orc (D:4)
  2 giant frogs (D:6)
  A scorpion (D:4)
  A water moccasin skeleton (D:5)
  A giant frog zombie (D:5)
  4 crimson imps
  2 hounds (D:4)
  5 iguanas
  3 worker ants
  3 orc priests
  3 orc wizards
  2 gnolls (D:5)
  A giant mite (D:4)
  7 adders
  A white imp (D:3)
  3 worms
  2 shadow imps
  2 adder skeletons (D:4)
  2 giant geckos
  22 orcs
  11 bats
  A bat skeleton (D:6)
  4 giant cockroaches
  5 hobgoblins
  15 jackals
  4 quokkas
  A quokka (shapeshifter) (D:5)
  A ball python (D:5)
  A giant gecko skeleton (D:5)
  6 giant newts
  6 goblins
  4 kobolds
  15 rats
146 creatures vanquished.

Vanquished Creatures (others)
  An orc zombie (D:3)
1 creature vanquished.

Grand Total: 147 creatures vanquished

Notes
Turn   | Place    | Note
--------------------------------------------------------------
     0 | D:1      | McCoppin, the Vine Stalker Chaos Knight, began the quest for the Orb.
     0 | D:1      | Reached XP level 1. HP: 11/11 MP: 1/1
    92 | D:1      | Reached skill level 1 in Stealth
   172 | D:1      | XOM: harmless Trmt miscast
   316 | D:1      | XOM: butterfly on damage
   317 | D:1      | XOM: potion effect (agility)
   349 | D:1      | Reached XP level 2. HP: 16/16 MP: 3/3
   601 | D:1      | Reached skill level 3 in Stealth
   683 | D:2      | XOM: divination: magic mapping
   754 | D:2      | Reached XP level 3. HP: 19/19 MP: 4/4
   911 | D:2      | Found a radiant altar of Vehumet.
  1136 | D:2      | Found a sacrificial altar of Ru.
  1172 | D:2      | Found a shimmering altar of Xom.
  1230 | D:2      | XOM: harmless Fire miscast
  1273 | D:2      | Reached XP level 4. HP: 8/24 MP: 3/5
  1375 | D:3      | XOM: silly message
  1423 | D:3      | Found an opulent altar of Gozag.
  1558 | D:3      | XOM: colour smoke trail
  1890 | D:3      | XOM: polymorph crimson imp -> white imp
  1976 | D:3      | XOM: summons 1 hostile demon
  2034 | D:3      | Reached XP level 5. HP: 26/28 MP: 7/7
  2122 | D:4      | Found Ghunweyff's Antique Weapon Shoppe.
  2139 | D:4      | Reached skill level 4 in Maces & Flails
  2169 | D:4      | Bought a runed morningstar for 124 gold pieces
  2191 | D:4      | Noticed Blork the orc
  2201 | D:4      | Killed Blork the orc
  2251 | D:4      | XOM: chaos cloud
  2255 | D:4      | Gained mutation: You heal very quickly. [vine stalker growth]
  2255 | D:4      | Reached XP level 6. HP: 30/32 MP: 8/8
  2329 | D:4      | Reached skill level 5 in Maces & Flails
  2596 | D:4      | Reached skill level 6 in Maces & Flails
  2596 | D:4      | Reached XP level 7. HP: 13/36 MP: 5/9
  2794 | D:4      | XOM: harmless Summ miscast
  2925 | D:4      | XOM: god gift: ruby potion
  2935 | D:4      | Noticed Menkaure
  2935 | D:4      | XOM: potion effect (haste)
  2939 | D:4      | Killed Menkaure
  2939 | D:4      | Reached skill level 7 in Maces & Flails
  2944 | D:4      | XOM: harmless Ice miscast
  3091 | D:4      | XOM: cast spell 'Death Channel'
  3389 | D:5      | Entered Level 5 of the Dungeon
  3540 | D:5      | Noticed Sigmund
  3543 | D:5      | XOM: cast spell 'Summon Horrible Things'
  3545 | D:5      | Killed Sigmund
  3586 | D:5      | XOM: harmless Summ miscast
  3600 | D:5      | XOM: enchant monster (good)
  3609 | D:5      | XOM: destruction
  3610 | D:5      | Gained mutation: You have razor-sharp teeth. [vine stalker growth]
  3610 | D:5      | Reached XP level 8. HP: 31/40 MP: 9/11
  3629 | D:5      | XOM: give mutations
  3629 | D:5      | Gained mutation: You are frail (-10% HP). [Xom's mischief]
  3629 | D:5      | Gained mutation: You are clumsy. (Dex -2) [Xom's mischief]
  3629 | D:5      | Gained mutation: You are dopey. (Int -2) [Xom's mischief]
  3629 | D:5      | Gained mutation: Scrolls take you a little longer to read. [Xom's mischief]
  3712 | D:5      | Reached skill level 8 in Maces & Flails
  3823 | D:5      | XOM: polymorph gnoll -> quokka
  3841 | D:5      | Gained mutation: You expend magic power (3 MP) to slightly strengthen your wands. [mutagenic meat]
  3850 | D:5      | XOM: potion effect (berserk rage)
  3930 | D:5      | XOM: medium Ice miscast
  4203 | D:5      | XOM: mild Hex miscast
  4365 | D:6      | Found a snail-covered altar of Cheibriados.
  4442 | D:6      | Reached skill level 9 in Maces & Flails
  4614 | D:6      | Slain by an ogre

Action                   |  1- 3 |  4- 6 |  7- 9 || total
-------------------------+-------+-------+-------++-------
Melee: Mace              |    89 |   153 |    45 ||   287
       Morningstar       |       |    38 |   128 ||   166
 Fire: Blowgun           |       |       |     4 ||     4
  Use: Potion            |     1 |     1 |     4 ||     6
       Scroll            |       |       |     9 ||     9
 Stab: Paralysed         |       |     5 |     2 ||     7
       Petrifying        |       |     1 |       ||     1
  Eat: Chunk             |       |     2 |     2 ||     4
       Meat ration       |       |     1 |       ||     1
       Bread ration      |       |       |     2 ||     2
